 Dungeon Crawl Stone Soup version 0.16.1-51-g6203257 (webtiles) character file.

799 Ignatius881 the Conjurer (level 7, -7/41 HPs)
             Began as a High Elf Air Elementalist on July 7, 2015.
             Was a Follower of Sif Muna.
             Mangled by an ogre
             ... wielding a +0 giant club
              (18 damage)
             ... on level 5 of the Dungeon.
             The game lasted 00:23:44 (6367 turns).

Ignatius881 the Conjurer (HEAE)                     Turns: 6367, Time: 00:23:45

Health: -7/41      AC:  8    Str:  7    XL:     7   Next: 59%
Magic:  21/22      EV: 13    Int: 20    God:    Sif Muna [*.....]
Gold:   363        SH:  0    Dex: 17    Spells: 3 memorised, 10 levels left

rFire  . . .     SeeInvis .     w - +2 war axe (elec)
rCold  . . .     Clarity  .     a - +0 robe
rNeg   . . .     SustAb   .     (no shield)
rPois  .         Gourm    .     (no helmet)
rElec  .         Spirit   .     (no cloak)
rCorr  .         Warding  .     (no gloves)
rMut   .         Stasis   .     (no boots)
MR     .....                    (no amulet)
Stlth  ++........               (no ring)
                                o - +6 ring of protection

@: not resistant to hostile enchantments, unstealthy
A: no striking features
a: Channel Energy, Renounce Religion


You were on level 5 of the Dungeon.
You worshipped Sif Muna.
Sif Muna was aware of your devotion.
You were not hungry.

You visited 2 branches of the dungeon, and saw 7 of its levels.

You collected 363 gold pieces.

Inventory:

Hand weapons
 g - a +0 dagger
 j - a +2 dagger of venom
 k - a +0 short sword
 w - a +2 war axe of electrocution (weapon)
 D - a +2 spear of piercing
 F - a +0 spear
 H - a +0 giant spiked club
 I - a +1 mace of draining
 N - a +0 long sword of protection
Missiles
 f - 57 stones (quivered)
 t - 6 large rocks
 G - 18 sling bullets
Armour
 a - a +0 robe (worn)
Jewellery
 d - an uncursed amulet of guardian spirit {unknown}
 o - a +6 ring of protection (left hand)
Scrolls
 m - a scroll of enchant armour {unknown}
 s - 5 scrolls of identify
 u - a scroll of remove curse {unknown}
 y - 2 scrolls of enchant weapon {unknown}
 z - 4 scrolls of teleportation {unknown}
 B - 5 scrolls of magic mapping {unknown}
 J - a scroll of recharging {unknown}
 L - a scroll of noise {unknown}
Potions
 e - a potion of lignification {unknown}
 h - 3 potions of brilliance {unknown}
 i - 2 potions of restore abilities {unknown}
 l - a potion of heal wounds {unknown}
 n - 2 potions of mutation {unknown}
 q - a potion of agility {unknown}
 r - 2 potions of degeneration {unknown}
 v - 3 potions of curing {unknown}
 x - a potion of invisibility {unknown}
 C - a potion of ambrosia {unknown}
 E - a potion of haste {unknown}
 K - a potion of resistance {unknown}
Books
 b - a book of Air

   Spells                             Type                      Level
   a - Shock                          Conjuration/Air              1
   b - Swiftness                      Charms/Air                   2
   c - Repel Missiles                 Charms/Air                   2
   d - Flight                         Charms/Air                   3
   e - Static Discharge               Conjuration/Air              3
   f - Lightning Bolt                 Conjuration/Air              5
Comestibles
 c - 3 bread rations
 p - 5 meat rations
 A - 2 slices of pizza
 M - 2 chunks of flesh
 O - a beef jerky


   Skills:
 - Level 3.0 Dodging
 - Level 2.1 Stealth
 + Level 5.3 Spellcasting
 + Level 6.5 Conjurations
 + Level 4.1 Charms
 - Level 3.6 Air Magic


You had 10 spell levels left.
You knew the following spells:

 Your Spells              Type           Power        Failure   Level  Hunger
a - Shock                 Conj/Air       ####         1%          1    None
b - Static Discharge      Conj/Air       ####....     6%          3    ##.....
c - Swiftness             Chrm/Air       ###.....     3%          2    None


Dungeon Overview and Level Annotations

Branches:
Dungeon (6/15)             Temple (1/1) D:5

Altars:
Cheibriados
Dithmenos
Gozag
Kikubaaqudgha
Nemelex Xobeh
Okawaru
Qazlal
Ru
Sif Muna
Trog
Vehumet
Xom
Yredelemnul
Zin
The Shining One


Message History

Confirm with . or Enter, or press ? or * to list all spells.
Okay, then.
The jelly barely misses you.
The hobgoblin hits you but does no damage.
You climb upwards.
There is a stone staircase leading down here.
Casting: Shock
Confirm with . or Enter, or press ? or * to list all spells.
Aiming: Shock
Press: ? - help, Shift-Dir - straight line, f - ogre
Aim: an ogre, wielding a giant club (lightly wounded)
The zap hits the ogre.
The ogre is heavily wounded.
The ogre hits you with a giant club!
* * * LOW HITPOINT WARNING * * *
Casting: Shock
Confirm with . or Enter, or press ? or * to list all spells.
You don't know that spell.
The ogre hits you with a giant club!!
You die...

.....#.#....[.##.#
####.#....###
.....#.#......##.#####
#.####.#
#.##.#.#.#'#.........#
#.# #.#
#.##.#.#.#.#.........#
#.# #.#
#.##.#.#.#.#.........#
#.# #.###
#.##.#.#.#.#.........#
#.# #....
#....#.#.#.#.........#
#.# #####
######.#.#.#.........#
#.#
.......#.#.#....@O...#
#.#
########.#.#.........#
#.# # #.#.#####'#####
#.# # #.#.# #.# #.# #
#.#.# #.# #.########
########.#.# #.#
#.........
.........#.# #.#
##########
##########.#####.#
#.........#


You could see an ogre.

Vanquished Creatures
  2 ogres (D:5)
  A centaur (D:5)
  A giant frog (D:5)
  A giant frog zombie (D:3)
  An orc priest (D:4)
  A giant frog skeleton (D:4)
  A centaur skeleton (D:5)
  An iguana (D:5)
  4 worker ants
  Ijyb (D:2)
  A worker ant zombie (D:4)
  6 adders
  3 gnolls (D:4)
  A shadow imp (D:5)
  3 worms
  3 adder skeletons
  A giant gecko (D:2)
  4 oozes
  5 orcs
  3 giant cockroaches
  15 goblins
  8 hobgoblins
  11 jackals
  10 bats
  A giant gecko skeleton (D:5)
  A giant gecko zombie (D:5)
  6 giant newts
  15 kobolds
  A quokka (D:3)
  A quokka zombie (D:5)
  11 rats
124 creatures vanquished.

Notes
Turn   | Place    | Note
--------------------------------------------------------------
     0 | D:1      | Ignatius881, the High Elf Air Elementalist, began the quest for the Orb.
     0 | D:1      | Reached XP level 1. HP: 11/11 MP: 4/4
   249 | D:1      | Reached XP level 2. HP: 7/17 MP: 0/6
   985 | D:1      | Reached XP level 3. HP: 21/21 MP: 6/8
   990 | D:1      | Learned a level 3 spell: Static Discharge
  1658 | D:2      | Reached skill level 4 in Conjurations
  1969 | D:2      | Found a stormy altar of Qazlal.
  2156 | D:2      | Noticed Ijyb
  2159 | D:2      | Reached XP level 4. HP: 27/27 MP: 2/11
  2167 | D:2      | Killed Ijyb
  2290 | D:2      | Learned a level 2 spell: Swiftness
  2361 | D:2      | Found a basalt altar of Yredelemnul.
  2475 | D:3      | Found a shadowy altar of Dithmenos.
  2775 | D:3      | Reached XP level 5. HP: 24/31 MP: 1/13
  3074 | D:3      | Reached skill level 5 in Conjurations
  3932 | D:4      | Reached skill level 1 in Charms
  3932 | D:4      | Reached XP level 6. HP: 16/36 MP: 2/17
  4133 | D:4      | Found a shimmering altar of Xom.
  4325 | D:4      | Found a deep blue altar of Sif Muna.
  4328 | D:4      | Became a worshipper of Sif Muna the Loreminder
  4860 | D:5      | Entered Level 5 of the Dungeon
  4959 | D:5      | Reached XP level 7. HP: 31/41 MP: 12/20
  5085 | D:5      | Reached skill level 6 in Conjurations
  5332 | D:5      | Found a staircase to the Ecumenical Temple.
  5342 | Temple   | Entered the Ecumenical Temple
  5628 | D:5      | Found an opulent altar of Gozag.
  5631 | D:5      | Found a sparkling altar of Nemelex Xobeh.
  5634 | D:5      | Found a radiant altar of Vehumet.
  5647 | D:5      | Acquired Sif Muna's first power
  5647 | D:5      | Reached skill level 5 in Spellcasting
  6257 | D:5      | Found a glowing silver altar of Zin.
  6367 | D:5      | Mangled by an ogre

Action                   |  1- 3 |  4- 6 |  7- 9 || total
-------------------------+-------+-------+-------++-------
Melee: Unarmed           |    30 |       |       ||    30
       Dagger            |    12 |     8 |       ||    20
       War axe           |       |     3 |       ||     3
 Cast: Shock             |    79 |   166 |    51 ||   296
       Static Discharge  |       |     5 |       ||     5
  Use: Scroll            |       |     1 |       ||     1
 Stab: Sleeping          |       |     1 |       ||     1
  Eat: Chunk             |     4 |     9 |     2 ||    15
       Bread ration      |       |       |     1 ||     1
